Map: Apotheosis LE

Players

Hades - Winner!

  • Race: Terran Terran
  • League: Silver

BJDSR

  • Race: Protoss Protoss
  • League: Silver

VOD

Have the link to the VOD?

Description

Time

  • Played on: Sept. 30, 2016, 10:06 a.m.
  • Length: 9:40
Show
View Real Time Build Order
Export as new Build Order

Hades Terran - Winner!

Build Orders: Reaper Expand, MMM Bio 

Get SALT Encoding   

  12  0:01  SCV  
  13  0:15  SCV  
  13  0:19  Supply Depot  
  14  0:26  Refinery  
  14  0:33  SCV  
  15  0:46  Barracks  
  15  0:50  SCV  
  16  1:00  Supply Depot  
  16  1:06  SCV  
  17  1:20  SCV  
  18  1:44  Reaper  
  19  1:51  Command Center  
  19  2:01  Orbital Command  
  19  2:27  SCV, Barracks Tech Lab  
  20  2:30  Refinery  
  20  2:40  Factory  
  20  2:48  Marine  
  21  3:00  SCV  
  22  3:06  Marauder  
  22  3:12  Orbital Command  
  24  3:16  Barracks  
  24  3:32  SCV  
  25  3:45  Orbital Command  
  25  3:48  SCV  
  25  3:55  Marine  
  27  3:57  Factory Tech Lab  
  27  4:01  Factory Reactor  
  27  4:02  Starport  
  27  4:04  SCV  
  28  4:12  Barracks Reactor  
  28  4:17  Engineering Bay  
  28  4:21  SCV, Supply Depot  
  28  4:23  Supply Depot  
  28  4:24  SCV  
  30  4:33  SCV  
  30  4:34  Marine  
  32  4:40  Stimpack  
  32  4:49  Barracks  
  32  4:50  Terran Infantry Weapons Level 1  
  32  4:57  Marine x2  
  32  4:58  Marauder  
  36  5:02  Liberator  
  36  5:04  Factory Tech Lab  
  36  5:12  SCV x2  
  38  5:15  Marine  
  38  5:17  Medivac  
  44  5:30  Liberator  
  44  5:31  SCV x2, Refinery  
  44  5:33  Refinery  
  46  5:39  Marine  
  46  5:40  Marine, Supply Depot  
  46  5:41  Barracks Reactor  
  46  5:42  Marine  
  53  5:50  SCV x2  
  54  5:57  Marine x2  
  54  5:59  Siege Tank  
  59  6:14  Marine  
  59  6:15  Marine  
  61  6:24  SCV x2  
  63  6:26  Marine  
  63  6:27  Marine x2  
  66  6:40  Combat Shields  
  66  6:56  Marine  
  66  6:57  Marine x3  
  70  7:05  Terran Infantry Armor Level 1  
  70  7:08  Supply Depot x2  
  69  7:09  Supply Depot  
  69  7:26  Marine  
  69  7:29  Marine x3  
  75  7:30  Marauder  
  75  7:31  Medivac x2  
  75  7:33  Supply Depot  
  76  7:43  Liberator  
  76  7:44  Marine  
  76  7:48  Marine x3  
  76  7:49  SCV x2  
  79  7:56  Marine  
  80  8:02  Marine  
  84  8:06  Marine  
  84  8:09  Command Center  
  85  8:19  Marine x3, Barracks, Supply Depot  
  88  8:20  Supply Depot  
  88  8:23  Barracks  
  88  8:25  Barracks, Supply Depot  
  88  8:26  SCV x2  
  90  8:28  Marine  
  90  8:29  Marine  
  90  8:32  Liberator x2  
  92  8:36  Marine  
  92  8:37  Marine x2  
  90  9:10  Marine x2  
  90  9:11  Marine x2, Barracks Reactor  
  90  9:12  Barracks Reactor  
  90  9:14  Marine x2  
Show
View Real Time Build Order
Export as new Build Order

BJDSR Protoss 

Build Orders:  

Get SALT Encoding   

  12  0:02  Probe (Chrono Boost)  
  13  0:16  Pylon  
  13  0:19  Probe (Chrono Boost)  
  14  0:29  Probe (Chrono Boost)  
  15  0:40  Gateway  
  16  0:43  Probe (Chrono Boost)  
  16  0:50  Assimilator  
  16  0:53  Probe (Chrono Boost)  
  17  1:04  Probe (Chrono Boost)  
  18  1:11  Gateway  
  18  1:15  Pylon  
  18  1:24  Probe (Chrono Boost)  
  19  1:29  Zealot  
  21  1:34  Probe (Chrono Boost)  
  21  1:37  Assimilator  
  22  1:58  Nexus  
  22  2:08  Pylon  
  22  2:18  Cybernetics Core  
  22  2:25  Probe (Chrono Boost)  
  23  2:35  Probe (Chrono Boost)  
  24  2:39  Zealot  
  26  2:46  Probe (Chrono Boost)  
  27  2:53  Stalker  
  27  2:57  Probe (Chrono Boost)  
  30  3:06  Zealot  
  29  3:30  Stalker  
  29  3:33  Stalker  
  33  3:45  Probe (Chrono Boost)  
  35  3:55  Probe (Chrono Boost)  
  35  4:00  Stalker  
  37  4:03  Assimilator  
  37  4:06  Probe (Chrono Boost)  
  38  4:14  Stargate  
  38  4:15  Robotics Facility  
  38  4:16  Probe (Chrono Boost)  
  39  4:19  Pylon  
  39  4:23  Forge  
  39  4:31  Stalker  
  41  4:34  Stalker  
  43  4:39  Probe (Chrono Boost)  
  44  4:50  Probe (Chrono Boost)  
  44  4:52  Probe (Chrono Boost)  
  46  5:01  Phoenix  
  46  5:03  Probe (Chrono Boost)  
  46  5:06  Observer  
  50  5:21  Assimilator  
  50  5:32  Robotics Bay  
  50  5:37  Probe (Chrono Boost)  
  53  5:43  Mothership Core (Chrono Boost)  
  53  5:47  Stalker  
  53  5:48  Probe (Chrono Boost)  
  56  5:58  Probe (Chrono Boost)  
  57  6:04  Void Ray  
  57  6:09  Probe (Chrono Boost)  
  62  6:17  Pylon  
  62  6:23  Pylon  
  62  6:26  Pylon  
  62  6:28  Colossus  
  62  6:36  Probe (Chrono Boost)  
  62  6:37  Probe (Chrono Boost)  
  70  6:46  Probe (Chrono Boost)  
  71  6:48  Pylon  
  71  6:49  Probe (Chrono Boost)  
  72  6:57  Probe (Chrono Boost)  
  72  7:01  Probe (Chrono Boost)  
  74  7:07  Probe (Chrono Boost)  
  75  7:09  Pylon  
  75  7:13  Probe (Chrono Boost)  
  76  7:18  Probe (Chrono Boost)  
  77  7:25  Probe (Chrono Boost)  
  77  7:27  Pylon  
  77  7:28  Probe (Chrono Boost)  
  75  7:31  Pylon  
  72  7:37  Probe (Chrono Boost)  
  69  7:57  Photon Cannon  
  69  8:02  Probe (Chrono Boost)  
  70  8:06  Probe (Chrono Boost)  
  72  8:14  Probe (Chrono Boost)  
  72  8:16  Probe (Chrono Boost)  
  72  8:18  Photon Cannon  
  73  8:24  Photon Cannon  
  73  8:26  Probe (Chrono Boost)  
  74  8:27  Probe (Chrono Boost)  
  74  8:30  Nexus  
  74  8:32  Colossus  
  74  8:34  Pylon  
  75  8:38  Probe x2 (Chrono Boost)  
  75  8:39  Pylon  
  85  8:48  Probe (Chrono Boost)  
  85  8:49  Stalker  
  85  8:50  Probe (Chrono Boost)  
  85  8:51  Stalker  
Tags
 
Add a new tag
Caveats
  • Supply blocks, unpowered buildings, or Contaminate may cause inaccurate times.
  • Supply counts are checked every 10 seconds.